AoeStats
← l Exhiom l

Arena

509128182Analyzed
2v2 RM · 6d ago on Sep 25, 2026· 39m 43s· 4 players
Game mode
Random Map
Map size
Medium (4 player)
Population
200
Speed
Normal
Resources
Standard
Victory
Conquest
Starting age
Dark Age
Ending age
Imperial Age
RankedLock teamsTeams togetherTeam positionsShared explorationLock speedFull tech treeHidden civsTurbo modeCheats
Victory
Defeat
🇹🇷 Cumans · Türkiye
925
+13
🇪🇸 Bengalis · Spain
874
+15
🇧🇷 Mongols · Brazil
880
-15
🇨🇴 Bohemians · Colombia
833
-13
Efra9035
11:35 Feudal Age
12:47 Horse Collar
12:55 Double-Bit Axe
18:19 Castle Age
19:00 Heavy Plow
19:14 Bow Saw
24:14 Chemistry
23:35 Ballistics
24:38 Loom
25:39 Squires
26:22 Pikeman
29:03 Fortified Wall
31:00 Elite Skirmisher
36:17 Wagenburg Tactics
39:14 Imperial Age
37:56 Wheelbarrow
37:07 Town Watch
39:14 Town Patrol
39:31 Hand Cart
39:24 Elite Hussite Wagon
40:25 Conscription
Vitor
10:47 Feudal Age
9:36 Loom
12:06 Horse Collar
12:53 Double-Bit Axe
16:43 Castle Age
14:54 Gold Mining
20:06 Heavy Plow
20:13 Fletching
20:28 Padded Archer Armor
22:26 Leather Archer Armor
22:52 Bow Saw
22:57 Stone Mining
26:06 Wheelbarrow
25:56 Bodkin Arrow
28:25 Leather Archer Armor
28:49 Gold Shaft Mining
31:09 Forging
30:59 Scale Mail Armor
34:33 Imperial Age
33:12 Hand Cart
32:42 Town Watch
33:14 Light Cavalry
34:07 Bloodlines
33:59 Husbandry
35:35 Iron Casting
35:06 Scale Barding Armor
35:09 Town Patrol
35:44 Ballistics
38:30 Hussar
38:35 Elite Mangudai
l Exhiom l
0:34 Loom
1:56 Loom
11:20 Feudal Age
16:52 Castle Age
15:23 Double-Bit Axe
15:51 Horse Collar
24:07 Pikeman
25:34 Fervor
26:59 Squires
28:33 Wheelbarrow
27:44 Town Watch
27:46 Elite Skirmisher
29:02 Scale Mail Armor
29:13 Forging
28:53 Fletching
29:04 Padded Archer Armor
29:46 Murder Holes
30:08 Crossbowman
31:33 Iron Casting
31:14 Chain Mail Armor
31:06 Scale Barding Armor
31:35 Heavy Plow
36:57 Imperial Age
34:43 Hand Cart
35:04 Leather Archer Armor
34:48 Bodkin Arrow
35:30 Gold Mining
35:34 Stone Mining
37:04 Chain Barding Armor
36:54 Town Patrol
37:14 Bow Saw
37:25 Siege Elephant
38:24 Paiks
38:45 Conscription
39:35 Two-Man Saw
39:16 Ballistics
39:59 Chemistry
39:18 Halberdier
BerkO76567
9:13 Feudal Age
10:10 Double-Bit Axe
10:07 Horse Collar
19:00 Castle Age
20:42 Wheelbarrow
21:03 Bloodlines
22:02 Bow Saw
23:09 Forging
24:15 Scale Barding Armor
24:35 Elite Skirmisher
25:17 Padded Archer Armor
25:33 Fletching
27:29 Chain Barding Armor
28:28 Hand Cart
27:59 Town Watch
28:55 Iron Casting
29:02 Ballistics
28:38 Gold Mining
32:39 Imperial Age
31:32 Steppe Husbandry
32:44 Gold Shaft Mining
32:19 Heavy Plow
33:43 Conscription
34:34 Plate Barding Armor
35:37 Elite Steppe Lancer
39:03 Blast Furnace
39:02 Crop Rotation
38:59 Loom
39:15 Town Patrol
39:48 Leather Archer Armor
39:28 Bodkin Arrow
Connection lost

Rejoining the realm…

Still unreachable

The connection could not be restored.

Session expired

The server has moved on; the page needs a fresh start.